 Dungeon Crawl Stone Soup version 0.20-a0-217-g17e8ceb (webtiles) character file.

38 deepsabbath the Firebug (level 3, -1/19 HPs)
             Began as a Deep Elf Fire Elementalist on Nov 28, 2016.
             Slain by an orc
             ... wielding a +0 trident
              (3 damage)
             ... on level 3 of the Dungeon.
             The game lasted 00:07:37 (2439 turns).

deepsabbath the Firebug (DEFE)                      Turns: 2439, Time: 00:07:38

Health: -1/19      AC:  4    Str:  6    XL:     3   Next: 25%
Magic:  9/9        EV: 12    Int: 19    God:
Gold:   35         SH:  0    Dex: 15    Spells: 7/8 levels left

rFire  . . .     SeeInvis .     e - +0 dagger
rCold  . . .     Gourm    .     k - +0 leather armour
rNeg   . . .     Faith    .     (no shield)
rPois  .         Spirit   .     (no helmet)
rElec  .         Reflect  .     j - +0 cloak
rCorr  .         Harm     .     (no gloves)
MR     .....                    (no boots)
Stlth  ++........               (no amulet)
                                (no ring)
                                (no ring)

@: exhausted, slowed, very slow
A: no striking features
a: no special abilities


You were on level 3 of the Dungeon.
You were not hungry.

You visited 1 branch of the dungeon, and saw 3 of its levels.

You collected 35 gold pieces.

Inventory:

Hand Weapons
 e - a +0 dagger (weapon)
   (You found it on level 1 of the Dungeon)
Armour
 a - a +0 robe
 j - a +0 cloak (worn)
   (You found it on level 2 of the Dungeon)
 k - a +0 leather armour (worn)
   (You found it on level 1 of the Dungeon)
Scrolls
 d - 2 scrolls of immolation {!r}
 l - 2 scrolls of random uselessness
Potions
 m - a potion of ambrosia {unknown}
Books
 b - a book of Flames
Comestibles
 c - a bread ration {@e1}
 f - 3 chunks of flesh {@w0}


   Skills:
 * Level 3.0 Short Blades
 - Level 2.4 Dodging
 - Level 2.4 Stealth
 - Level 3.0 Spellcasting
 - Level 1.1 Conjurations
 - Level 3.2 Fire Magic


You had 7 spell levels left.
You knew the following spells:

 Your Spells              Type           Power        Failure   Level  Hunger
a - Flame Tongue          Conj/Fire      ##...        12%         1    None


Dungeon Overview and Level Annotations

Branches:
Dungeon (3/15)

Altars:

Annotations:
D:2 Robin


Message History

The orc priest miscasts a cantrip.
The orc priest mumbles some strange prayers to Beogh against you.
Beogh smites you!
Ouch! That really hurt!
The giant cockroach waves its antennae.
You take 11 damage, and have 7/19 hp.
MASSIVE DAMAGE!!
The orc priest looks encouraged for a moment.
The giant cockroach bites you.
You take 1 damage, and have 6/19 hp.
The giant cockroach bites you but does no damage.
The giant cockroach barely misses you. The giant cockroach misses you.
The giant cockroach closely misses you. The giant cockroach misses you.
The giant cockroach closely misses you.
There is a stone staircase leading down here.
The giant cockroach bites you but does no damage.
You climb downwards.
A goblin, a hobgoblin and Robin come into view.
Robin shouts!
Robin drinks a potion.
Robin suddenly seems more agile.
There is a stone staircase leading up here.
The adder hisses angrily.
The giant cockroach closely misses you.
Robin roars a battlecry!
The goblins go into a battle-frenzy!
The goblin hits you.
* * * LOW HITPOINT WARNING * * *
The giant cockroach closely misses you.
You see here 23 arrows.
You take 6 damage, and have 2/19 hp.
MASSIVE DAMAGE!!
Okay, then.
Sorry, you're not good enough to have a special ability.
Unknown command.
Unknown command.
You feel better.
The goblin shouts!
The giant cockroach closely misses you. The goblin hits you but does no damage.
You regained 11 hp, and now have 13/19 hp.
The goblin appears out of thin air!
A goblin comes into view.
A rat comes into view.
The hobgoblin shouts!
The adder bites you.
You take 3 damage, and have 10/19 hp.
Robin throws the goblin at you! The goblin barely misses you.
Okay, then.
It was a potion of berserk rage.
A red film seems to cover your vision as you go berserk!
You feel yourself moving faster!
You feel mighty!
The goblin shouts!
The adder bites you but does no damage.
The giant cockroach completely misses you.
Robin roars a battlecry!
The goblins go into a battle-frenzy!
The goblin closely misses you. x2; The adder barely misses you.
You now have 16/28 hp.
You barely miss the goblin. The giant cockroach closely misses you.
The adder barely misses you. The goblin closely misses you.
You puncture the goblin!
You kill the goblin!
Your Short Blades skill increases to level 3!
The goblin misses you. The hobgoblin hits you with a club!
* * * LOW HITPOINT WARNING * * *
The giant cockroach bites you but does no damage.
You take 9 damage, and have 7/28 hp.
MASSIVE DAMAGE!!
The adder bites you.
* * * LOW HITPOINT WARNING * * *
You see here a goblin corpse.
You take 1 damage, and have 6/28 hp.
You feel a strong urge to attack something.
There is a stone staircase leading down here.
You feel your anger subside.
You are no longer berserk.
You are exhausted.
You feel yourself slow down. The adder bites you.
* * * LOW HITPOINT WARNING * * *
The hobgoblin barely misses you.
You climb downwards.
A bat, 3 orcs, an orc priest and a dart slug come into view.
Found a scroll of random uselessness.
Found an escape hatch in the floor.
There is a stone staircase leading up here.
You now have 3/19 hp.
As you read the scroll labeled YCOON KOIPAUBU, it crumbles to dust.
The scroll dissolves into smoke.
It was a scroll of fog.
The orc priest shouts!
The adder bites you but does no damage. The orc barely misses you.
The hobgoblin barely misses you. The adder closely misses you.
The orc shouts! x2
The adder bites you but does no damage. The orc misses you.
The adder closely misses you. The dart slug launches a dart at you.
The slug dart hits you!
* * * LOW HITPOINT WARNING * * *
The orc hits you from afar with a trident.
You die...

..............
.............
............
...........#
........w..#
.......b...#
.>.....§§§.#.#
.......@g§...# #
##.?...oSo...#
#.######...§..oo#.#
#..<...##.........#
........................
..########).....##.#####
######. .# #. ##


You could see an orc priest, an adder, a dart slug, 3 orcs, a hobgoblin and a
bat.

Vanquished Creatures
  An adder (D:2)
  2 dart slugs (D:1)
  A leopard gecko (D:1)
  2 hobgoblins (D:1)
  2 kobolds (D:1)
  A quokka (D:1)
  4 bats (D:1)
  2 frilled lizards
  5 goblins
  5 rats (D:1)
25 creatures vanquished.

Notes
Turn   | Place    | Note
-------+----------+-------------------------------------------
     0 | D:1      | deepsabbath the Deep Elf Fire Elementalist began the quest for the Orb.
     0 | D:1      | Reached XP level 1. HP: 10/10 MP: 6/6
   454 | D:1      | Reached skill level 1 in Short Blades
   951 | D:1      | Reached XP level 2. HP: 8/15 MP: 8/8
  1283 | D:2      | Reached skill level 2 in Short Blades
  1812 | D:1      | Reached XP level 3. HP: 15/19 MP: 9/9
  2424 | D:2      | Noticed Robin
  2425 | D:2      | HP: 2/19 [goblin[Robin] (6)]
  2432 | D:2      | Reached skill level 3 in Short Blades
  2432 | D:2      | HP: 7/28 [hobgoblin/club[Robin] (9)]
  2436 | D:2      | HP: 3/19 [adder (1)]
  2439 | D:3      | Slain by an orc

Vault maps used:
D:1:      lightli_molten_gateway
D:2:      ashenzari_conservatory_becter, first_bread, minmay_ruptured,
          uniq_robin
D:3:      lemuel_blue_sif_altar

Skill      XL: |  1  2  3 |
---------------+----------+-----
Short Blades   | 1 2 3 |  3.0
Dodging        | |  2.4
Stealth        | |  2.4
Spellcasting   | |  3.0
Conjurations   | |  1.1
Fire Magic     | |  3.2

Action                   || total
-------------------------++-------
Melee: Dagger            ||   125
  Use: Scroll            ||     5
       Potion            ||     4
 Stab: Sleeping          ||     5
  Eat: Bread ration      ||     1
Armor: Leather armour    ||    34
       Robe              ||    13
Dodge: Dodged            ||   113

Vault maps used:
D:1:      lightli_molten_gateway
D:2:      ashenzari_conservatory_becter, first_bread, minmay_ruptured,
          uniq_robin
D:3:      lemuel_blue_sif_altar

Table legend:
 A = Turns spent in this place as a percentage of turns spent in the entire game.
 B = Non-inter-level travel turns spent in this place as a percentage of non-inter-level travel turns spent in the entire game.
 C = Inter-level travel turns spent in this place as a percentage of turns spent in this place.
 D = Turns resting spent in this place as a percentage of non-inter-level travel turns spent in this place.
 E = Turns spent auto-exploring this place as a percentage of non-inter-level travel turns spent in this place.
 F = Non-inter-level travel turns spent in this place divided by the number of levels of this place that you've seen.
                   A       B       C       D       E      F
               +-------+-------+-------+-------+-------+----------------------
         Total | 100.0 | 100.0 |   0.1 |   2.9 |   2.3 | 340.0
       Dungeon | 100.0 | 100.0 |   0.1 |   2.9 |   2.3 | 340.0
               +-------+-------+-------+-------+-------+----------------------

Table legend:
 A = Kills in this place as a percentage of kills in entire the game.
 B = Kills by you in this place as a percentage of kills by you in the entire game.
 C = Kills by friends in this place as a percentage of kills by friends in the entire game.
 D = Other kills in this place as a percentage of other kills in the entire game.
 E = Experience gained in this place as a percentage of experience gained in the entire game.
 F = Experience gained in this place divided by the number of levels of this place that you have seen.
                   A       B       C       D       E      F
               +-------+-------+-------+-------+-------+----------------------
         Total | 100.0 | 100.0 |  -nan |  -nan | 100.0 |  18.3
       Dungeon | 100.0 | 100.0 |  -nan |  -nan | 100.0 |  18.3
               +-------+-------+-------+-------+-------+----------------------
